 Dungeon Crawl Stone Soup version 0.26-a0-651-gb41185065b (webtiles) character file.

Game seed: 6777245493325977380

221 Lanoc the Shield-Bearer (level 6, -1/48 HPs)
             Began as a Formicid Fighter on Oct 14, 2020.
             Slain by a worker ant zombie (5 damage)
             ... on level 5 of the Dungeon.
             The game lasted 00:03:04 (2564 turns).

Lanoc the Shield-Bearer (Formicid Fighter)          Turns: 2564, Time: 00:03:05

Health: -1/48      AC:  7    Str: 21    XL:     6   Next: 19%
Magic:  6/6        EV:  9    Int:  7    God:
Gold:   154        SH: 10    Dex: 12    Spells: 5/5 levels left

rFire    . . .     SeeInvis +   a - +0 war axe
rCold    . . .     Faith    .   c - +0 kite shield
rNeg     . . .     Spirit   .   b - +0 scale mail
rPois    .         Reflect  .   (helmet unavailable)
rElec    .         Harm     .   (no cloak)
rCorr    .         Rampage  .   (no gloves)
MR       +....                  (no boots)
Stlth    ..........             (no amulet)
HPRegen  0.16/turn              o - ring of protection from magic
MPRegen  0.10/turn              (no ring)

@: mighty, stab, flying
A: permanent stasis, dig shafts and tunnels, four strong arms, antennae 3
a: Dig, Shaft Self


You were on level 5 of the Dungeon.
You visited 1 branch of the dungeon, and saw 5 of its levels.

You collected 154 gold pieces.

Inventory:

Hand Weapons
 a - a +0 war axe (weapon)
Armour
 b - a +0 scale mail (worn)
 c - a +0 kite shield (worn)
Jewellery
 o - a ring of protection from magic (left hand)
Wands
 k - a wand of paralysis (5)
Scrolls
 l - a scroll of identify
 m - a scroll of amnesia
Potions
 e - a potion of curing


   Skills:
 + Level 4.1 Fighting
 * Level 3.8 Axes
 + Level 4.1 Armour
 + Level 1.7 Dodging
 + Level 4.5 Shields


You had 5 spell levels left.
You didn't know any spells.
Your spell library was empty.

Dungeon Overview and Level Annotations

Branches:
Dungeon (5/15)
 Temple: D:4-7

Altars:
Dithmenos
Gozag
Kikubaaqudgha
Wu Jian

Annotations:
D:2 Sigmund


Innate Abilities, Weirdness & Mutations

You cannot be hasted, slowed, berserked, paralysed or teleported.
You can dig through walls and to a lower floor.
Your four strong arms can wield two-handed weapons with a shield.
You have a pair of large antennae on your head. (SInv)


Message History

* * * LOW HITPOINT WARNING * * *
It was a potion of flight.
You feel very buoyant.
You fly up into the air.
The gnoll hits you.
* * * LOW HITPOINT WARNING * * *
As you read the scroll labeled MOABAU OKEG, it crumbles to dust.
You feel blessed for a moment.
It was a scroll of remove curse.
You block the gnoll's attack.
As you read the scroll labeled ZENOUC ATO, it crumbles to dust.
Your stasis prevents you from teleporting.
It was a scroll of blinking.
The gnoll barely misses you.
As you read the scroll labeled URAUNW DEHODD, it crumbles to dust.
It is a scroll of identify.
m - a scroll of amnesia You block the gnoll's attack.
You hit the gnoll.
You kill the gnoll!
You feel very mighty all of a sudden. The worker ant zombie bites you.
You die...

. .. { ...
.... .....
...(..####
#.....OZ@#{
#.###..###
{ ##. #. {
## {


You could see an ogre and a worker ant zombie.

Vanquished Creatures
  A centaur skeleton (D:4)
  An iguana (D:4)
  Ijyb (D:3)
  Natasha (D:2)
  2 worker ants
  A gnoll (D:5)
  An ooze (D:3)
  2 worms (D:2)
  2 leopard geckos (D:4)
  4 orcs (D:3)
  4 bats
  A giant cockroach (D:4)
  6 goblins
  6 hobgoblins
  2 jackals (D:4)
  3 kobolds
  3 quokkas
  5 frilled lizards
  A leopard gecko skeleton (D:4)
  3 rats
50 creatures vanquished.

Notes
Turn   | Place    | Note
-------+----------+-------------------------------------------
     0 | D:1      | Lanoc the Formicid Fighter began the quest for the Orb.
     0 | D:1      | Reached XP level 1. HP: 18/18 MP: 1/1
   202 | D:2      | Reached XP level 2. HP: 24/24 MP: 2/2
   256 | D:2      | Reached XP level 3. HP: 15/29 MP: 3/3
   421 | D:2      | Noticed Natasha
   431 | D:2      | Killed Natasha
   600 | D:2      | Noticed Sigmund
   682 | D:3      | Reached XP level 4. HP: 34/36 MP: 4/4
   687 | D:3      | Reached skill level 1 in Dodging
   800 | D:3      | Found an opulent altar of Gozag.
  1327 | D:3      | Noticed Ijyb
  1351 | D:3      | Killed Ijyb
  1351 | D:3      | Reached XP level 5. HP: 24/42 MP: 5/5
  2004 | D:4      | Found an ornate altar of the Wu Jian Council.
  2335 | D:4      | Reached XP level 6. HP: 38/48 MP: 6/6
  2434 | D:4      | Found a shadowy altar of Dithmenos.
  2434 | D:4      | Found an ancient bone altar of Kikubaaqudgha.
  2549 | D:5      | Entered Level 5 of the Dungeon
  2549 | D:5      | Noticed an ogre
  2564 | D:5      | Slain by a worker ant zombie

Illustrated notes

Levels and vault maps discovered:
D:1:      minmay_arrival_shattered_statue, layout_loops_ring
D:2:      layout_basic, uniq_natasha, uniq_sigmund, uniq_crazy_yiuf_cottage,
          uniq_jessica
D:3:      layout_loops_cross, grunt_gozag_statues, uniq_ijyb
D:4:      layout_basic, lemuel_round_altar, gammafunk_temple_overflow_wave
D:5:      layout_basic, nicolae_qazlal_general_emergency, uniq_duvessa

Skill      XL: |  1  2  3  4  5 |
---------------+----------------+-----
Dodging        | 1 |  1.7
Shields        | 4 |  4.5
Axes           | 3 |  3.8
Fighting       | 4 |  4.1
Armour         | 4 |  4.1

Action                   |  1- 3 |  4- 6 || total
-------------------------+-------+-------++-------
Melee: War axe           |    79 |   144 ||   223
  Use: Potion            |       |     7 ||     7
       Scroll            |       |     3 ||     3
Armor: Scale mail        |    33 |    60 ||    93
       Skin              |       |     3 ||     3
Dodge: Dodged            |    33 |    57 ||    90
Block: Kite shield       |    36 |    76 ||   112

Table legend: (Time is in decaauts)
 A = Elapsed time spent in this place.
 B = Non-inter-level travel time spent in this place.
 C = Inter-level travel time spent in this place.
 D = Time resting spent in this place.
 E = Time spent auto-exploring this place.
 F = Levels seen in this place.
 G = Mean time per level.
                   A        B        C        D        E       F      G
               +--------+--------+--------+--------+--------+-----+--------+
         Total |   2656 |   2631 |     25 |      0 |   2085 |   5 |  531.2 |
       Dungeon |   2656 |   2631 |     25 |      0 |   2085 |   5 |  531.2 |
               +--------+--------+--------+--------+--------+-----+--------+

Top non-repeatable levels by time:
     D:3: 1074 daAuts
     D:4: 905 daAuts
     D:2: 446 daAuts
     D:1: 213 daAuts
     D:5: 16 daAuts
